 Dungeon Crawl Stone Soup version 0.25-b1-23-ge2ad7d536c (webtiles) character file.

Game seed: 1522563634192995834, levelgen mode: deterministic

150 dorian the Covered (level 5, -1/32 HPs)
             Began as a Gargoyle Fighter on May 29, 2020.
             Killed by divine providence
             ... invoked by an orc priest
              (14 damage)
             ... on level 3 of the Dungeon.
             The game lasted 00:03:00 (2324 turns).

dorian the Covered (Gargoyle Fighter)               Turns: 2324, Time: 00:03:02

Health: -1/32      AC: 13    Str: 20    XL:     5   Next: 32%
Magic:  5/5        EV:  5    Int:  9    God:
Gold:   148        SH:  9    Dex:  9    Spells: 4/4 levels left

rFire    . . .     SeeInvis .   a - +0 war axe
rCold    . . .     Gourm    .   c - +0 kite shield
rNeg     + . .     Faith    .   s - +0 chain mail
rPois    ∞         Spirit   .   (no helmet)
rElec    +         Reflect  .   (no cloak)
rCorr    .         Harm     .   (no gloves)
MR       .....                  (no boots)
Stlth    ..........             (no amulet)
HPRegen  0.10/turn              (no ring)
MPRegen  0.09/turn              (no ring)

@: no status effects
A: negative energy resistance 1, electricity resistance, unbreathing,
petrification resistance, rot immunity, AC +4
a: no special abilities


You were on level 3 of the Dungeon.
You were not hungry.

You visited 1 branch of the dungeon, and saw 3 of its levels.

You collected 148 gold pieces.

Inventory:

Hand Weapons
 a - a +0 war axe (weapon)
Armour
 b - a +0 scale mail
 c - a +0 kite shield (worn)
 s - a +0 chain mail (worn)
Jewellery
 j - a cursed -4 ring of intelligence {unknown}
Scrolls
 k - a scroll of fear {unknown}
 l - a scroll of amnesia {unknown}
 m - 3 scrolls of identify {unknown}
 p - a scroll of remove curse {unknown}
 r - a scroll of teleportation {unknown}
Potions
 d - a potion of might
 e - 2 potions of haste {unknown}
 g - 2 potions of degeneration {unknown}
 i - a potion of stabbing {unknown}
 n - a potion of flight {unknown}
 o - 2 potions of brilliance {unknown}
 q - 2 potions of curing {unknown}
 t - 2 potions of heal wounds {unknown}
Comestibles
 f - 2 rations
 h - 10 chunks of flesh


   Skills:
 - Level 3.2 Fighting
 * Level 4.1 Axes
 + Level 4.4 Armour
 - Level 3.2 Shields


You had 4 spell levels left.
You didn't know any spells.
Your spell library was empty.

Dungeon Overview and Level Annotations

Branches:
Dungeon (3/15)

Altars:


Innate Abilities, Weirdness & Mutations

You are resistant to torment.
Your stone body is resilient. (AC +4)
You are immune to poison.
You resist negative energy. (rN+)
You are resistant to electric shocks. (rElec)
You can survive without breathing.
You are immune to petrification.
You are immune to rotting.


Message History

Pain shoots through your body! The orc hits you.
The orc priest hits you but does no damage.
The orc hits you but does no damage. You block the orc's attack.
You are too injured to fight recklessly!
Unknown command.
Unknown command.
You are too injured to fight recklessly!
You closely miss the orc priest.
The orc priest is heavily wounded.
You closely miss the orc. x2
The orc priest hits you but does no damage.
The orc hits you but does no damage. The orc barely misses you.
You hit the orc priest but do no damage.
The orc priest is heavily wounded.
You slash the orc!
You kill the orc!
You closely miss the orc.
The orc priest mumbles some strange prayers to Beogh against you.
Beogh smites you!
You die...

#.# ### .######.# #..
#.......### #.. ...
#......<.. #.# #.#
.####..### #.# #.# # #..#
#.# ####.##.##.# #..###
#.# #...ool....# #.....
#.# #.##@## #.####
#.####.#.).#.## #.#
####.....$......##.#####.#
#.÷.......#.....##.....#.#
#.##.#######.............#
#.##?.. .....######.###
#.###### ###.## #.#
#÷####### .#######.######
#........ ...............


You could see an orc priest, an orc and a frilled lizard.

Vanquished Creatures
  Terence (D:2)
  2 adders (D:2)
  An ooze (D:2)
  5 worms (D:2)
  A dart slug (D:2)
  3 leopard geckos (D:2)
  5 orcs
  2 ball pythons
  7 bats
  8 giant cockroaches
  4 goblins
  9 hobgoblins
  5 jackals
  3 quokkas
  4 frilled lizards
  7 kobolds
  9 rats
76 creatures vanquished.

Notes
Turn   | Place    | Note
-------+----------+-------------------------------------------
     0 | D:1      | dorian the Gargoyle Fighter began the quest for the Orb.
     0 | D:1      | Reached XP level 1. HP: 14/14 MP: 1/1
   335 | D:1      | Reached XP level 2. HP: 19/19 MP: 2/2
   722 | D:1      | Reached XP level 3. HP: 23/23 MP: 3/3
  1215 | D:2      | Reached XP level 4. HP: 15/28 MP: 4/4
  1590 | D:2      | Noticed Terence
  1597 | D:2      | Killed Terence
  1641 | D:2      | Reached XP level 5. HP: 32/32 MP: 5/5
  2324 | D:3      | Killed from afar by an orc priest

Illustrated notes

Levels and vault maps discovered:
D:1:      roderic_crop_circles_arrival_large, layout_basic, supply_closet_lemuel
D:2:      layout_basic, minmay_three_crescents, uniq_terence
D:3:      layout_loops_ring

Skill      XL: |  1  2  3  4  5 |
---------------+----------------+-----
Axes           | 2 3 4 |  4.1
Armour         | 4 |  4.4
Fighting       | |  3.2
Shields        | |  3.2

Action                   |  1- 3 |  4- 6 || total
-------------------------+-------+-------++-------
Melee: War axe           |   150 |   123 ||   273
  Eat: Chunk             |     1 |     4 ||     5
Armor: Scale mail        |    84 |    22 ||   106
       Chain mail        |       |    65 ||    65
Dodge: Dodged            |    42 |    37 ||    79
Block: Kite shield       |    91 |    64 ||   155
